 Dungeon Crawl Stone Soup version 0.28-a0-317-g21599a725c (webtiles) character file.

Game seed: 4452067179151128291

1262 Froggeryz the Slicer (level 8, -2/52 HPs)
             Began as an Octopode Brigand on Sept 1, 2021.
             Was an Initiate of Gozag.
             Slain by a centaur (4 damage)
             ... on level 6 of the Dungeon.
             The game lasted 00:06:22 (6772 turns).

Froggeryz the Slicer (Octopode Brigand)             Turns: 6772, Time: 00:06:22

Health: -2/52      AC:  1    Str: 11    XL:     8   Next: 52%
Magic:  17/17      EV: 15    Int: 13    God:    Gozag
Gold:   150        SH:  0    Dex: 15    Spells: 7/7 levels left

rFire   . . .      SeeInvis .   n - +2 dagger (venom)
rCold   . . .      Faith    .   (no shield)
rNeg    . . .      Spirit   .   (helmet restricted)
rPois   .          Reflect  .   (no amulet)
rElec   .          Harm     .   a - ring of magical power
rCorr   .          Rampage  .   (no ring)
Will    .....                   (no ring)
Stlth   ++++......              (no ring)
HPRegen 0.17/turn               (no ring)
MPRegen 0.15/turn               (no ring)
                                (no ring)
                                (no ring)

@: no status effects
A: almost no armour, amphibious, 8 rings, camouflage 1, gelatinous body 1,
(nimble swimmer 1), tentacles
a: Renounce Religion, Potion Petition, Call Merchant, Bribe Branch


You were on level 6 of the Dungeon.
You worshipped Gozag.
Gozag was aware of your devotion.
You visited 2 branches of the dungeon, and saw 7 of its levels.

You collected 204 gold pieces.
You paid 54 gold pieces to Gozag.

Inventory:

Hand Weapons
 k - a +0 hunting sling
 n - a +2 dagger of venom (weapon)
Missiles
 b - 7 poisoned darts (quivered)
 c - 2 curare-tipped darts
 f - 174 stones
 l - 28 sling bullets
Jewellery
 a - a ring of magical power (left tentacle)
Wands
 g - a wand of flame (16)
Scrolls
 p - a scroll of enchant weapon
 t - a scroll of amnesia
Potions
 d - 2 potions of resistance
 e - a potion of degeneration
 i - 2 potions of haste
 j - a potion of magic
 o - a potion of might {unknown}
 q - a potion of cancellation
 r - 2 potions of attraction
 s - 2 potions of curing
 u - a potion of lignification {unknown}


   Skills:
 + Level 3.1 Fighting
 * Level 8.4 Short Blades
 - Level 2.0 Throwing
 - Level 5.1 Dodging
 - Level 5.3 Stealth


You had 7 spell levels left.
You didn't know any spells.
Your spell library contained the following spells:

 Spells                   Type           Power      Damage    Failure   Level
 Animate Skeleton         Necr           0%         N/A       30%         1
 Apportation              Tloc           0%         N/A       30%         1
 Corona                   Hex            0%         N/A       30%         1
 Summon Small Mammal      Summ           0%         N/A       30%         1
 Passwall                 Tmut/Erth      0%         N/A       43%         2
 Swiftness                Air            0%         N/A       67%         3
 Invisibility             Hex            0%         N/A       100%        6


Dungeon Overview and Level Annotations

Branches:
Dungeon (6/15)             Temple (1/1) D:4

Altars:
Cheibriados
Dithmenos
Elyvilon
Fedhas
Gozag
Hepliaklqana
Nemelex Xobeh
Ru
Sif Muna
Trog
Vehumet
Wu Jian
Xom
Yredelemnul
Zin
The Shining One


Innate Abilities, Weirdness & Mutations

You cannot wear most types of armour.
You are amphibious.
You can wear up to eight rings at the same time.
Your skin changes colour to match your surroundings (Stealth+).
Your rubbery body absorbs attacks. (AC +1, EV +1)
((You are camouflaged near water. (Stealth+)))
You have tentacles for arms and can constrict up to eight enemies at once.


Message History

The centaur is lightly wounded.
The centaur warrior zombie completely misses you.
The centaur warrior zombie kicks you. The centaur hits you.
The centaur kicks you.
You hit the centaur but do no damage.
The centaur looks as sick as possible!
The centaur is moderately wounded.
The centaur warrior zombie hits you.
* * * LOW HITPOINT WARNING * * *
The centaur warrior zombie closely misses you.
The centaur barely misses you.
The centaur kicks you but does no damage.
You hit the centaur warrior zombie but do no damage.
You squeeze the centaur warrior zombie, but do no damage.
The centaur warrior zombie is lightly damaged.
The centaur warrior zombie hits you.
* * * LOW HITPOINT WARNING * * *
The centaur warrior zombie kicks you but does no damage.
The centaur barely misses you. The centaur completely misses you.
You hit the centaur.
The centaur looks as sick as possible!
The centaur is moderately wounded.
The centaur warrior zombie hits you.
* * * LOW HITPOINT WARNING * * *
The centaur warrior zombie closely misses you.
The centaur closely misses you. The centaur kicks you.
* * * LOW HITPOINT WARNING * * *
It was a potion of cancellation.
You feel magically purged. The centaur barely misses you.
The centaur kicks you.
* * * LOW HITPOINT WARNING * * *
The centaur warrior zombie hits you.
* * * LOW HITPOINT WARNING * * *
The centaur warrior zombie closely misses you.
You feel better. The centaur hits you!
* * * LOW HITPOINT WARNING * * *
The centaur misses you. The centaur warrior zombie hits you.
* * * LOW HITPOINT WARNING * * *
The centaur warrior zombie kicks you.
* * * LOW HITPOINT WARNING * * *
The centaur hits you.
You die...
Your body crumbles into a pile of gold.

# .#.#.########
......Z.....#!#
#<.c@.$..#.# $
#######$.#.#####
#..#.#...
#..#...# #<.#..#
## #...#
.>.##.#.#
......#.###.###
...............


You could see a centaur (extremely poisoned) and a centaur warrior zombie.

Vanquished Creatures
  A sky beast (D:5)
  A necrophage (D:5)
  A phantom (D:4)
  2 bullfrogs
  2 scorpions
  A water moccasin zombie (D:5)
  A water moccasin skeleton (D:5)
  A howler monkey (D:3)
  3 electric eels (D:3)
  A centaur zombie (D:5)
  A jelly (D:4)
  3 bullfrog skeletons (D:4)
  3 hounds (D:5)
  A centaur skeleton (D:6)
  2 iguanas
  A hound skeleton (D:4)
  A howler monkey zombie (D:5)
  A gnoll (D:1)
  6 adders
  A shadow imp (D:5)
  2 ufetubi
  An adder skeleton (D:5)
  A worm (D:3)
  5 dart slugs
  5 orcs (D:3)
  4 endoplasms
  5 giant cockroaches
  9 goblins
  8 hobgoblins
  4 jackals (D:2)
  A quokka (D:2)
  12 ball pythons
  2 bats (D:1)
  2 frilled lizards
  5 kobolds
  11 rats
111 creatures vanquished.

Vanquished Creatures (others)
  An orc (D:6)
  4 fungi (D:2)
  6 plants (D:2)
11 creatures vanquished.

Grand Total: 122 creatures vanquished

Notes
Turn   | Place    | Note
-------+----------+-------------------------------------------
     0 | D:1      | Froggeryz the Octopode Brigand began the quest for the Orb.
     0 | D:1      | Reached XP level 1. HP: 14/14 MP: 1/1
    83 | D:1      | Reached XP level 2. HP: 19/19 MP: 2/2
   158 | D:1      | Reached skill level 3 in Short Blades
   306 | D:1      | Reached XP level 3. HP: 19/24 MP: 3/3
  1504 | D:2      | Reached XP level 4. HP: 17/29 MP: 4/4
  1939 | D:2      | Found a faded altar of an unknown god.
  2349 | D:2      | Reached skill level 4 in Short Blades
  2439 | D:3      | Found a transporter.
  2597 | D:3      | Reached XP level 5. HP: 19/34 MP: 5/5
  2937 | D:3      | Found a transporter.
  3262 | D:3      | Reached skill level 5 in Short Blades
  3340 | D:3      | Reached XP level 6. HP: 39/39 MP: 6/6
  3501 | D:4      | Found a staircase to the Ecumenical Temple.
  3536 | Temple   | Entered the Ecumenical Temple
  4380 | D:4      | Reached skill level 6 in Short Blades
  4380 | D:4      | Reached XP level 7. HP: 45/45 MP: 7/7
  5129 | D:5      | Entered Level 5 of the Dungeon
  5226 | D:5      | Reached skill level 7 in Short Blades
  5309 | D:5      | Reached skill level 5 in Dodging
  5309 | D:5      | Reached XP level 8. HP: 27/50 MP: 8/8
  5915 | D:5      | Found a sparkling altar of Nemelex Xobeh.
  5915 | D:5      | Found an opulent altar of Gozag.
  5925 | D:5      | Became a worshipper of Gozag Ym Sagoz the Greedy
  6119 | D:5      | Reached skill level 8 in Short Blades
  6582 | D:6      | Noticed a wraith
  6772 | D:6      | HP: 2/52 [centaur warrior zombie (2)]
  6772 | D:6      | Slain by a centaur

Illustrated notes

Levels and vault maps discovered:
D:1:      lightli_arrival_flooded_house, layout_basic, minmay_ruptured
D:2:      layout_basic, shapermc_ecumenical_altar_mp_urbaneastern,
          minmay_fountain_box, kennysheep_generic_room_5
D:3:      gammafunk_steamed_eel, layout_loops_cross
D:4:      layout_basic, minmay_temple_entry_gardened_gates
D:5:      layout_basic, grunt_temple_overflow_opulence
D:6:      layout_loops_ring, grunt_ashenzari_visionary
          [grunt_ashenzari_visionary_shoals, grunt_ashenzari_visionary_snake],
          nicolae_kikubaaqudgha_miasma_corner, uniq_pikel
Temple:   eino_narrow_crystal_temple

Skill      XL: |  1  2  3  4  5  6  7  8 |
---------------+-------------------------+-----
Short Blades   | 3 4 5 6 7 8 |  8.4
Dodging        | 2 3 4 5 |  5.1
Fighting       | 3 |  3.1
Throwing       | |  2.0
Stealth        | |  5.3

Action                   |  1- 3 |  4- 6 |  7- 9 || total
-------------------------+-------+-------+-------++-------
Melee: Dagger            |    69 |   105 |   106 ||   280
       Constrict         |    15 |    18 |    13 ||    46
       Tentacles         |    11 |    14 |    29 ||    54
 Fire: Hunting sling     |       |     3 |       ||     3
Throw: Dart              |       |     5 |       ||     5
Evoke: Wand              |       |     4 |       ||     4
  Use: Scroll            |       |     7 |     5 ||    12
       Potion            |       |       |     2 ||     2
 Stab: Sleeping          |    11 |    18 |    10 ||    39
       Distracted        |     1 |       |       ||     1
Armor: Skin              |     6 |     3 |     4 ||    13
Dodge: Dodged            |    33 |    49 |    66 ||   148

Table legend: (Time is in decaauts)
 A = Elapsed time spent in this place.
 B = Non-inter-level travel time spent in this place.
 C = Inter-level travel time spent in this place.
 D = Time resting spent in this place.
 E = Time spent auto-exploring this place.
 F = Levels seen in this place.
 G = Mean time per level.
                   A        B        C        D        E       F      G
               +--------+--------+--------+--------+--------+-----+--------+
         Total |   6699 |   6433 |    266 |   1236 |   4441 |   7 |  957.0 |
       Dungeon |   6512 |   6258 |    254 |   1236 |   4274 |   6 | 1085.3 |
        Temple |    186 |    174 |     12 |      0 |    167 |   1 |  186.0 |
               +--------+--------+--------+--------+--------+-----+--------+

Top non-repeatable levels by time:
     D:4: 1661 daAuts
     D:5: 1463 daAuts
     D:1: 1322 daAuts
     D:2: 1087 daAuts
     D:3: 934 daAuts
  Temple: 186 daAuts
     D:6: 44 daAuts
